 Dungeon Crawl Stone Soup version 0.30.0-19-gbf45117a57 (webtiles) character file.

Game seed: 2873392243572045172

394 qw the Chopper (level 6, -1/39 HPs)
             Began as a Gargoyle Fighter on May 23, 2023.
             Slain by a water moccasin (3 damage)
             ... on level 4 of the Dungeon.
             The game lasted 00:01:35 (2865 turns).

qw the Chopper (Gargoyle Fighter)                   Turns: 2865, Time: 00:01:35

Health: -1/39      AC: 12    Str: 19    XL:     6   Next: 81%
Magic:  6/6        EV:  9    Int: 17    God:
Gold:   243        SH:  4    Dex:  7    Spells: 5/5 levels left

rFire   . . .        Y - +1 war axe (chaos)
rCold   . . .        c - +0 buckler
rNeg    + . .        b - +0 scale mail
rPois   inf          (no helmet)
rElec   +            (no cloak)
rCorr   .            j - +0 pair of gloves
SInv    .            (no boots)
Will    .....        (no amulet) Stlth
                     k - +4 ring of slaying {mikee}
HPRegen 0.26/turn    (no ring)
MPRegen 0.10/turn

%: no passive effects
@: no status effects
A: sickness immunity, AC +4, negative energy resistance 1, electricity
resistance, torment resistance 1, petrification resistance, clever 2
a: no special abilities


You were on level 4 of the Dungeon.
You visited 1 branch of the dungeon, and saw 5 of its levels.

You collected 243 gold pieces.


Innate Abilities, Weirdness & Mutations

You are immune to sickness and miasma.
Your stone body is resilient. (AC +4)
You are immune to poison.
You resist negative energy. (rN+)
You are resistant to electric shocks. (rElec)
You are resistant to unholy torment.
You are immune to petrification.
Your mind is very acute. (Int +8, Str/Dex -2)


   Skills:
 - Level 4.3 Fighting
 + Level 5.9 Axes
 - Level 3.2 Armour
 - Level 3.2 Shields


You had 5 spell levels left.
You didn't know any spells.
Your spell library was empty.

Inventory:

Hand Weapons
 m - a +0 hand axe of flaming
 Y - a +1 war axe of chaos (weapon)
Missiles
 g - 4 boomerangs (quivered)
Armour
 b - a +0 scale mail (worn)
 c - a +0 buckler (worn)
 j - a +0 pair of gloves (worn)
Jewellery
 k - a +4 ring of slaying (left hand) {mikee}
Scrolls
 a - a scroll of identify
Potions
 d - 2 potions of might
 f - a potion of mutation
 h - 4 potions of curing
 i - a potion of lignification
 l - a potion of resistance

Dungeon Overview and Level Annotations

Branches:
Dungeon (5/15)
 Temple: D:4-7

Altars:
Makhleb
Qazlal
Wu Jian
Zin
The Shining One

Annotations:
D:3 1 runed translucent door, qw's ghost, amateur GrCA


Message History

You hit the water moccasin.
The water moccasin seems to slow down.
You freeze the water moccasin.
The water moccasin is moderately wounded.
You slash the adder!
The adder is poisoned.
The water moccasin bites you but does no damage.
You block the adder's attack. The water moccasin bites you.
You hit the adder. You freeze the adder.
You kill the adder!
You slash the water moccasin! You burn the water moccasin.
The water moccasin is no longer moving slowly.
The water moccasin bites you but does no damage.
The water moccasin bites you.
You completely miss the water moccasin.
The water moccasin is heavily wounded.
The water moccasin barely misses you. You block the water moccasin's attack.
You hit the water moccasin.
The water moccasin is heavily wounded.
The water moccasin bites you but does no damage.
The water moccasin barely misses you.
The water moccasin bites you but does no damage.
You closely miss the water moccasin.
The water moccasin is heavily wounded.
The water moccasin bites you!
The water moccasin bites you but does no damage.
You slash the water moccasin! You burn the water moccasin.
The water moccasin is severely wounded.
The water moccasin barely misses you. The water moccasin bites you.
The water moccasin closely misses you.
You barely miss the water moccasin.
The water moccasin is severely wounded.
The water moccasin barely misses you. The water moccasin bites you!
The water moccasin closely misses you.
You barely miss the water moccasin.
The water moccasin is severely wounded.
The water moccasin bites you.
The water moccasin bites you but does no damage.
You miss the water moccasin.
The water moccasin is severely wounded.
The water moccasin bites you.
You die...

......# ####....#<..###.# #.#
#########....######...#.###.# ##
..........#### #.#.....#.# #.
......##### #.####....## #.
......#############.#####....###.
..[........<..................)..
:.....########...##.#####.##.#.#.
......# #...##..####.##...#.
####### #..@###.).##.###....
#..S....)...........
#...#####):.######.# ##...# ##(.#
#.. #....# #..# ### ##.####
####..### # ############..#
#.......# # .......#......#
#.......# # ....>.........#
#.......# #


You could see a water moccasin (berserk).

Vanquished Creatures
  2 scorpions
  An orc priest (D:3)
  A gnoll bouda (D:4)
  An iguana (D:4)
  An orc wizard (D:4)
  3 gnolls (D:4)
  5 adders
  2 worms (D:2)
  A dart slug (D:4)
  4 orcs
  13 endoplasms
  3 giant cockroaches
  5 goblins
  5 hobgoblins
  5 jackals
  2 kobolds (D:2)
  3 quokkas
  8 ball pythons
  5 bats
  3 frilled lizards
  10 rats
83 creatures vanquished.

Notes
Turn   | Place    | Note
-------+----------+-------------------------------------------
     0 | D:1      | qw the Gargoyle Fighter began the quest for the Orb.
     0 | D:1      | Reached XP level 1. HP: 14/14 MP: 1/1
     0 | D:1      | 0 ||| qw: Version: 0.2-a-98-g5d7165a
     0 | D:1      | 0 ||| qw: Game counter: 26
     0 | D:1      | 0 ||| qw: Always use a shield: true
     0 | D:1      | 0 ||| qw: God list: Okawaru
     0 | D:1      | 0 ||| qw: Allow faded altars: false
     0 | D:1      | 0 ||| qw: Do Orc after D:15 true
     0 | D:1      | 0 ||| qw: Do second Lair branch before Depths: true
     0 | D:1      | 0 ||| qw: Lair rune preference: random
     0 | D:1      | 0 ||| qw: Plans: Normal, Zot:1-4, God:TSO, Crypt, Tomb,
                  | Pan, Slime:5, Hells, Abyss, Win
     0 | D:1      | 0 ||| PLANNING D:1-11
    48 | D:1      | Reached skill level 2 in Axes
   249 | D:1      | Reached XP level 2. HP: 19/19 MP: 2/2
   470 | D:1      | 470 ||| Stepping ~*~*~tactically~*~*~ (stealth).
   471 | D:1      | 471 ||| Stepping ~*~*~tactically~*~*~ (stealth).
   473 | D:1      | 473 ||| Stepping ~*~*~tactically~*~*~ (stealth).
   474 | D:1      | 474 ||| Stepping ~*~*~tactically~*~*~ (stealth).
   615 | D:1      | 615 ||| READING 4 scrolls labelled TOXIMP CYIGU MER.
   616 | D:1      | 616 ||| READING scroll labelled UNAIXKASOIZA.
   621 | D:1      | 621 ||| DRINKING 2 grey potions.
   621 | D:1      | Gained mutation: Your mind is acute. (Int +4, Str/Dex -1)
                  | [potion of mutation]
   621 | D:1      | Gained mutation: Your mind is very acute. (Int +8, Str/Dex
                  | -2) [potion of mutation]
   622 | D:1      | 622 ||| DRINKING 2 glowing silvery potions.
   623 | D:1      | 623 ||| READING 3 scrolls of identify.
   623 | D:1      | 623 ||| IDENTIFYING metallic purple potion
   624 | D:1      | 624 ||| READING 2 scrolls of identify.
   624 | D:1      | 624 ||| IDENTIFYING fizzy blue potion
   625 | D:1      | 625 ||| DROPPING potion of magic.
   664 | D:2      | Noticed a scorpion
   686 | D:2      | Killed a scorpion
   687 | D:2      | Reached skill level 4 in Axes
   687 | D:2      | Reached XP level 3. HP: 19/23 MP: 3/3
   687 | D:2      | Reached XP level 4. HP: 24/28 MP: 4/4
  1001 | D:2      | 1001 ||| Stepping ~*~*~tactically~*~*~ (stealth).
  1274 | D:2      | 1274 ||| UPGRADING to +0 pair of gloves.
  1279 | D:2      | 1279 ||| UPGRADING to +4 ring of slaying {mikee}.
  1280 | D:2      | 1280 ||| READING scroll labelled MOVISIVVEAFO.
  1281 | D:2      | 1281 ||| READING 2 scrolls of identify.
  1281 | D:2      | 1281 ||| IDENTIFYING sapphire potion
  1329 | D:3      | Reached XP level 5. HP: 32/32 MP: 5/5
  1405 | D:3      | 1405 ||| Stepping ~*~*~tactically~*~*~ (hiding).
  1427 | D:3      | 1427 ||| DROPPING +0 whip.
  1586 | D:3      | Found a stormy altar of Qazlal.
  1626 | D:3      | Found a glowing silver altar of Zin.
  1695 | D:3      | 1695 ||| Stepping ~*~*~tactically~*~*~ (stealth).
  1707 | D:3      | Reached skill level 5 in Axes
  1740 | D:3      | Found an ornate altar of the Wu Jian Council.
  1780 | D:3      | 1780 ||| Stepping ~*~*~tactically~*~*~ (stealth).
  1792 | D:3      | 1792 ||| Stepping ~*~*~tactically~*~*~ (stealth).
  1822 | D:3      | 1822 ||| Stepping ~*~*~tactically~*~*~ (stealth).
  1874 | D:3      | Found a runed translucent door.
  1875 | D:3      | Noticed qw's ghost (amateur GrCA)
  2034 | D:3      | 2034 ||| READING scroll labelled MOULAYLENI.
  2035 | D:3      | 2035 ||| READING 3 scrolls labelled BUOXTA UMESO.
  2036 | D:3      | 2036 ||| DROPPING 2 scrolls of poison.
  2070 | D:4      | Reached XP level 6. HP: 39/39 MP: 6/6
  2093 | D:4      | 2093 ||| Stepping ~*~*~tactically~*~*~ (hiding).
  2175 | D:4      | 2175 ||| Stepping ~*~*~tactically~*~*~ (stealth).
  2177 | D:4      | 2177 ||| Stepping ~*~*~tactically~*~*~ (hiding).
  2191 | D:4      | HP: 6/39 [gnoll bouda/+0 whip (7)]
  2192 | D:4      | 2192 ||| DRINKING potion of heal wounds.
  2240 | D:4      | 2240 ||| Stepping ~*~*~tactically~*~*~ (stealth).
  2286 | D:4      | 2286 ||| Stepping ~*~*~tactically~*~*~ (stealth).
  2300 | D:4      | 2300 ||| Stepping ~*~*~tactically~*~*~ (stealth).
  2364 | D:4      | 2364 ||| Stepping ~*~*~tactically~*~*~ (hiding).
  2541 | D:4      | Found a glowing golden altar of the Shining One.
  2572 | D:4      | Found a burning altar of Makhleb.
  2713 | D:4      | 2713 ||| DROPPING +6 ring of intelligence.
  2714 | D:4      | 2714 ||| READING scroll labelled NUILUCK VEPO.
  2715 | D:4      | 2715 ||| READING 2 scrolls labelled LUUR BU BAL.
  2816 | D:4      | 2816 ||| READING 3 scrolls of identify.
  2816 | D:4      | 2816 ||| IDENTIFYING bubbling ruby potion
  2817 | D:4      | 2817 ||| READING 2 scrolls of identify.
  2817 | D:4      | 2817 ||| IDENTIFYING golden potion
  2818 | D:4      | 2818 ||| DROPPING potion of flight.
  2819 | D:4      | 2819 ||| DROPPING scroll of silence.
  2851 | D:5      | Entered Level 5 of the Dungeon
  2851 | D:5      | Noticed a water moccasin
  2854 | D:5      | Noticed a black bear
  2855 | D:5      | 2855 ||| STAIRDANCE
  2863 | D:4      | HP: 2/39 [water moccasin (13)]
  2865 | D:4      | Slain by a water moccasin

Levels and vault maps discovered:
D:1:      lemuel_arrival_rhombus, layout_basic
D:2:      layout_rooms, minmay_bisected
D:3:      layout_basic, mainiacjoe_overflow_concentric_impassable,
          mainiacjoe_overflow_six_doors_small, nzn_wu_jian_council_hall,
          ebering_ghost_reflecting_pool
D:4:      layout_rooms, lemuel_round_altar, mainiacjoe_overflow_paths
D:5:      minmay_inner_zag, layout_cave_pools, minmay_temple_entry_waves

Skill      XL: |  1  2  3  4  5 |
---------------+----------------+-----
Axes           | 2 4 5 |  5.9
Fighting       | 4 |  4.3
Armour         | |  3.2
Shields        | |  3.2

Action                     |  1- 3 |  4- 6 || total
---------------------------+-------+-------++-------
  Melee: War axe           |    65 |   136 ||   201
  Throw: Boomerang         |       |    47 ||    47
    Use: Scroll            |     4 |     8 ||    12
         Potion            |     2 |     1 ||     3
 Armour: Scale mail        |    26 |    83 ||   109
  Dodge: Dodged            |    35 |    73 ||   108
  Block: Buckler           |    14 |    27 ||    41

Table legend:
 A = Non-vault XP
 B = Vault XP
 C = Vault XP percentage of total XP
 D = Non-vault monster count
 E = Vault monster count
 F = Vault count percentage of total count
                 A         B        C        D         E       F
            +---------+---------+-------+---------+---------+-------
      Total |     545 |      18 |   3.2 |      79 |       4 |   4.8
            +---------+---------+-------+---------+---------+-------
        D:1 |      24 |       0 |   0.0 |      16 |       0 |   0.0
        D:2 |     120 |      18 |  13.0 |      18 |       4 |  18.2
        D:3 |      93 |       0 |   0.0 |      21 |       0 |   0.0
        D:4 |     308 |       0 |   0.0 |      24 |       0 |   0.0
            +---------+---------+-------+---------+---------+-------
